 Dungeon Crawl Stone Soup version 0.24.0-2-g5b39cebb1c (webtiles) character file.

Game seed: 7114795218270966722, levelgen mode: deterministic

903 Esekla the Slasher (level 7, -5/43 HPs)
             Began as a Vampire Abyssal Knight on Oct 30, 2019.
             Was a Priest of Lugonu.
             Slain by an ogre
             ... wielding a +0 giant club
              (25 damage)
             ... on level 5 of the Dungeon.
             The game lasted 00:31:56 (5486 turns).

Esekla the Slasher (Vampire Abyssal Knight)         Turns: 5486, Time: 00:31:57

Health: -5/43      AC: 10    Str: 11    XL:     7   Next: 80%
Magic:  8/8        EV: 13    Int: 14    God:    Lugonu [***...]
Gold:   526        SH:  0    Dex: 16    Spells: 6/6 levels left

rFire    . . .     SeeInvis +   a - +2 falchion
rCold    + + +     Gourm    .   (no shield)
rNeg     + + +     Faith    .   r - +2 leather armour {rC+}
rPois    ∞         Spirit   .   (no helmet)
rElec    .         Reflect  .   g - +0 cloak
rCorr    .         Harm     .   (no gloves)
MR       .....                  m - +0 pair of boots
Stlth    ++++......             (no amulet)
HPRegen  0.00/turn              y - ring of Isicei {rPois AC+3}
MPRegen  0.11/turn              (no ring)

@: bloodless, regenerating quickly
A: no food, fangs 3, see invisible, unbreathing
a: Bat Form, Revivify, Depart the Abyss, Bend Space, Banish, Renounce Religion


You were on level 5 of the Dungeon.
You worshipped Lugonu.
Lugonu was most pleased with you.
You were bloodless.

You visited 1 branch of the dungeon, and saw 6 of its levels.
You visited the Abyss 1 time.

You collected 526 gold pieces.

Inventory:

Hand Weapons
 a - a +2 falchion (weapon)
 w - a +3 dagger
Missiles
 e - 48 poisoned darts (quivered)
Armour
 g - a +0 cloak (worn)
 m - a +0 pair of boots (worn)
 r - a +2 leather armour of cold resistance (worn)
Jewellery
 y - the ring of Isicei (left hand) {rPois AC+3}
   (You found it on level 5 of the Dungeon)

   [ring of protection]

   It affects your AC (+3).
   It protects you from poison.
Wands
 q - a wand of disintegration (16)
Scrolls
 d - 3 scrolls of teleportation
 f - 4 scrolls of enchant weapon
 j - 2 scrolls of identify
 k - a scroll of enchant armour {unknown}
 l - a scroll of immolation {unknown}
 n - a scroll of magic mapping {unknown}
 o - a scroll of remove curse {unknown}
 s - a scroll of fear {unknown}
 t - 2 scrolls of fog {unknown}
Potions
 b - 2 potions of degeneration {unknown}
 c - 3 potions of curing
 h - 4 potions of haste
 i - a potion of mutation {unknown}
 p - a potion of ambrosia {unknown}
 u - a potion of invisibility {unknown}
 v - a potion of berserk rage {unknown}
 x - 2 potions of lignification {unknown}


   Skills:
 + Level 4.0 Fighting
 + Level 1.0(4.8) Short Blades
 * Level 6.9 Long Blades
 + Level 2.4 Armour
 + Level 3.5 Dodging
 + Level 3.6 Stealth
 + Level 1.7 Invocations


You had 6 spell levels left.
You didn't know any spells.
Your spell library was empty.

Dungeon Overview and Level Annotations

Branches:
Dungeon (6/15)             Temple (0/1) D:5

Altars:
Ru

Annotations:
D:5 Prince Ribbit


Innate Abilities, Weirdness & Mutations

You do not eat.
You do not regenerate when monsters are visible.
You are frail without blood (-20% HP).
You can heal yourself when you bite living creatures.
You are immune to poison.
You have razor-sharp teeth.
You have supernaturally acute eyesight. (SInv)
You can survive without breathing.


Message History

You closely miss the ogre.
The ogre is lightly wounded.
The ogre shouts!
You hit the ogre.
The ogre is lightly wounded.
The ogre barely misses you.
You slash the ogre! You bite the ogre.
You draw the ogre's blood!
You feel better.
The ogre is severely wounded.
The ogre hits you with a +0 giant spiked club.
You slash the ogre!
The ogre is moderately wounded.
The ogre hits you with a +0 giant club!
You hit the ogre.
The ogre is moderately wounded.
You hit the ogre.
The ogre is heavily wounded.
The ogre hits you with a +0 giant club!!
Ouch! That really hurt!
You die...

#.# ###O#.####.## #
#O# #...........# #O#
#.###.####..# ## #>#
#.########..# .##.
#.###.#.....#...# ...
#.....#.....#..# .###
## ####..#.....#..#
.... .. #..'..>..'..#
..
#####.###@.#.....#..#
.#
....$..OO..#.....#..##
.##
###.###.#.##.....#...#
..#####
#...########.#.#
........
###.######.###.#.#####
..###### ....#
#.......#...... .##
#.### #...(...##### .#
#.# ###.....# .#
######.#### #.#####


You could see 2 ogres.

Vanquished Creatures
  Sigmund (D:2)
  A phantom (D:5)
  A bullfrog (D:6)
  2 scorpions
  3 hounds
  2 jellies
  Jessica (D:3)
  Ijyb (D:3)
  An iguana (D:6)
  An orc wizard (D:6)
  A worker ant (D:4)
  2 hound skeletons
  Robin (D:2)
  2 gnolls (D:4)
  5 adders
  A white imp (Abyss:1)
  A worm (D:4)
  4 dart slugs
  6 leopard geckos
  6 orcs
  A ball python (D:1)
  5 giant cockroaches
  18 goblins
  7 hobgoblins
  8 jackals
  10 kobolds
  2 quokkas (D:2)
  11 bats
  3 frilled lizards
  8 rats
  A fungus (D:1)
117 creatures vanquished.

Vanquished Creatures (others)
  2 toadstools (D:1)
2 creatures vanquished.

Grand Total: 119 creatures vanquished

Notes
Turn   | Place    | Note
-------+----------+-------------------------------------------
     0 | Abyss:1  | Esekla the Vampire Abyssal Knight began the quest for the
                  | Orb.
     0 | Abyss:1  | Reached XP level 1. HP: 17/17 MP: 2/2
    12 | Abyss:1  | Found an iron altar of Okawaru.
    67 | Abyss:1  | Noticed an ancient zyme
    84 | Abyss:1  | Noticed a rust devil
   101 | D:1      | Escaped the Abyss
   108 | D:1      | Reached XP level 2. HP: 17/18 MP: 1/3
   133 | D:1      | Reached * piety under Lugonu
   407 | D:1      | Reached XP level 3. HP: 15/23 MP: 4/4
   586 | D:1      | Reached skill level 3 in Long Blades
   771 | D:2      | Noticed Sigmund
   839 | D:2      | Reached ** piety under Lugonu
   862 | D:2      | Found a sacrificial altar of Ru.
  1053 | D:2      | Noticed Robin
  1058 | D:1      | Reached XP level 4. HP: 15/28 MP: 5/5
  1060 | D:1      | Reached skill level 1 in Armour
  1627 | D:2      | Killed Robin
  1709 | D:2      | Reached skill level 1 in Stealth
  1928 | D:2      | Killed Sigmund
  1928 | D:2      | Reached skill level 4 in Long Blades
  1928 | D:2      | Reached XP level 5. HP: 12/32 MP: 6/6
  1928 | D:2      | Reached XP level 6. HP: 14/37 MP: 7/7
  2524 | D:2      | Reached *** piety under Lugonu
  2733 | D:3      | Noticed Jessica
  2734 | D:3      | You fall into a shaft and drop 2 floors!
  2734 | D:5      | Entered Level 5 of the Dungeon
  2758 | D:5      | Noticed Prince Ribbit
  2901 | D:5      | Reached skill level 5 in Long Blades
  3216 | D:3      | Noticed Ijyb
  3232 | D:3      | Killed Ijyb
  3527 | D:3      | Killed Jessica
  4236 | D:4      | Reached XP level 7. HP: 29/42 MP: 8/8
  4260 | D:4      | Reached skill level 1 in Short Blades
  4915 | D:6      | Reached skill level 6 in Long Blades
  5456 | D:5      | Got a flickering bone ring
  5457 | D:5      | Identified the ring of Isicei {rPois AC+3} (You found it on
                  | level 5 of the Dungeon)
  5466 | D:5      | Found a staircase to the Ecumenical Temple.
  5486 | D:5      | Slain by an ogre

Levels and vault maps discovered:
D:1:      wander_arrival_lonely_grave, layout_rooms, dk_noncrumbling_3,
          minmay_statues_item, minmay_gold_behind_fungi
D:2:      layout_basic, nicolae_ru_sacrificial_ziggurat, uniq_sigmund,
          uniq_robin
D:3:      layout_basic, uniq_ijyb, uniq_jessica
D:4:      layout_loops_ring, enter_ossuary_5, first_ration
D:5:      layout_loops_ring, temple_green, uniq_prince_ribbit1
D:6:      layout_basic, serial_shops, shop

Skill      XL: |  1  2  3  4  5  6  7 |
---------------+----------------------+-----
Fighting       | 3 4 |  4.0
Long Blades    | 3 4 5 6 |  6.9
Armour         | 2 |  2.4
Stealth        | 2 3 |  3.6
Dodging        | 3 |  3.5
Short Blades   | 1 |  1.0
Invocations    | |  1.7

Action                   |  1- 3 |  4- 6 |  7- 9 || total
-------------------------+-------+-------+-------++-------
Melee: Falchion          |   114 |   186 |    97 ||   397
       Bite              |    14 |    26 |    13 ||    53
       Short sword       |     1 |     1 |       ||     2
Throw: Dart              |       |     7 |    17 ||    24
Invok: Depart the Abyss  |     1 |       |       ||     1
 Abil: Exsanguinate      |     1 |       |       ||     1
  Use: Scroll            |       |     4 |       ||     4
 Stab: Sleeping          |     3 |    12 |     1 ||    16
Armor: Leather armour    |    41 |    60 |    32 ||   133
Dodge: Dodged            |    98 |   109 |    68 ||   275
       Rpst.: Falchion   |    32 |    38 |    16 ||    86
